 Dungeon Crawl Stone Soup version 0.20-a0-791-gf6451d4 (webtiles) character file.

653 Espgualade the Skirmisher (level 7, -1/47 HPs)
             Began as a Tengu Ice Elementalist on Feb 28, 2017.
             Slain by an orc wizard
             ... wielding a +1 dagger of electrocution
              (3 damage)
             ... on level 3 of the Dungeon.
             The game lasted 00:13:26 (4813 turns).

Espgualade the Skirmisher (Tengu Ice Elementalist)  Turns: 4813, Time: 00:13:27

Health: -1/47      AC:  2    Str:  8 (9)  XL:     7   Next: 54%
Magic:  5/11       EV: 14    Int: 14 (17) God:
Gold:   168        SH:  0    Dex: 16 (18) Spells: 4/10 levels left

rFire    . . .     SeeInvis .   s - +2 spear (flame)
rCold    . . .     Gourm    .   a - +0 robe
rNeg     . . .     Faith    .   (no shield)
rPois    .         Spirit   .   (helmet restricted)
rElec    .         Reflect  .   (no cloak)
rCorr    .         Harm     .   (no gloves)
MR       +....                  (boots unavailable)
Stlth    +++.......             (no amulet)
Regen    0.2/turn               (no ring)
MPRegen  0.2/turn               (no ring)

@: very slightly contaminated, hasted, very quick
A: beak, talons 3, thin skeletal structure 1, agile 1, magic resistance 1, able
to fly 1
a: Fly


You were on level 3 of the Dungeon.
You were very hungry.

You visited 1 branch of the dungeon, and saw 3 of its levels.

You collected 168 gold pieces.

Inventory:

Hand Weapons
 g - a +1 dagger of venom
 s - a +2 spear of flaming (weapon)
 u - a +0 blowgun
Missiles
 v - 12 poisoned needles (quivered)
Armour
 a - a +0 robe (worn)
Jewellery
 d - an uncursed ring of wizardry
 i - an uncursed ring of stealth {unknown}
Scrolls
 l - a scroll of amnesia
 n - a scroll of enchant weapon {unknown}
 o - 3 scrolls of identify
 p - a scroll of fear {unknown}
 w - a scroll of recharging
 x - a scroll of fog {unknown}
Potions
 k - 2 potions of might
 m - a potion of agility
Books
 b - a book of Frost

   Spells                             Type                      Level
   a - Freeze                         Ice                          1
   b - Throw Frost                    Conjuration/Ice              2
   c - Ozocubu's Armour               Charms/Ice                   3
   d - Throw Icicle                   Conjuration/Ice              4
   e - Summon Ice Beast               Ice/Summoning                4
 r - a book of Cantrips

   Spells                             Type                      Level
   a - Confusing Touch                Hexes                        1
   b - Animate Skeleton               Necromancy                   1
   c - Summon Small Mammal            Summoning                    1
   d - Apportation                    Translocation                1
Comestibles
 j - 2 meat rations
 q - 5 fruits
 t - a royal jelly


   Skills:
 - Level 6.4 Fighting
 + Level 4.1 Dodging
 + Level 3.8 Stealth
 - Level 2.0 Spellcasting
 - Level 1.3 Conjurations
 - Level 2.6 Ice Magic


You had 4 spell levels left.
You knew the following spells:

 Your Spells              Type           Power        Failure   Level  Hunger
a - Freeze                Ice            #...         10%         1    ##.....
b - Throw Frost           Conj/Ice       #.....       17%         2    ###....
c - Ozocubu's Armour      Chrm/Ice       #.......     47%         3    ####...


Dungeon Overview and Level Annotations

Branches:
Dungeon (3/15)

Altars:
Gozag
Ru
Xom
Zin


Innate Abilities, Weirdness & Mutations

You have a beak for a mouth.
You have claws for feet.
You can fly.
You have a somewhat thin skeletal structure. (Dex +2, Stealth)
You are agile. (Dex +2)
You are resistant to hostile enchantments. (MR+)


Message History

Okay, then.
Okay, then.
It was a potion of mutation.
You feel extremely strange.
You feel agile.
You feel resistant to hostile enchantments.
Your bones become slightly less dense.
The orc wizard casts a spell at you. The puff of frost hits you!
* * * LOW HITPOINT WARNING * * *
The orc priest calls upon Beogh to heal the orc wizard.
The orc wizard is healed somewhat.
It was a potion of haste.
You feel yourself speed up. The orc wizard barely misses you. x2
You hit the orc wizard. You burn the orc wizard. You claw the orc wizard.
The orc wizard is severely wounded.
The orc wizard closely misses you.
You hit the orc wizard. You burn the orc wizard.
The orc wizard is almost dead.
The orc wizard hits you with a dagger of electrocution.
You die...

..##..................# #...#...#
..##.#.#.#.#.###...#### #.#####.#
..##.#.#.....# #.#.## #.#####.#
.............###.#..# ##.##.##.#
..#.#....###........####..##.#..#
#.....o.o#######..........##...##
#.#.#.....# ####.#########.##
#.........# #............#.#
........o.### #@##########.#.#
#..#..?##oo.####o# #####.#.#
##.#####..#..o.oo# #.....#.# #.#
##.######## #.#####.# #)#
##.##....#######.#.##..#
##.#####...#.##.#............##
.#.#.......#.##.#####.########
##.#####...#.##.# #.# #.#
#.....##.# #.#######


You could see an orc priest, an orc wizard and an orc.

Vanquished Creatures
  Grinder (D:3)
  The ghost of Dipster the Slasher, an amateur TeFi (D:3)
  2 orc priests (D:3)
  Jessica (D:3)
  9 adders
  A worm (D:2)
  3 dart slugs
  2 leopard geckos
  11 orcs (D:3)
  3 ball pythons
  4 bats
  10 giant cockroaches
  14 goblins
  10 hobgoblins
  2 jackals (D:3)
  2 quokkas
  2 frilled lizards
  12 kobolds
  6 rats
96 creatures vanquished.

Notes
Turn   | Place    | Note
-------+----------+-------------------------------------------
     0 | D:1      | Espgualade the Tengu Ice Elementalist began the quest for the Orb.
     0 | D:1      | Reached XP level 1. HP: 10/10 MP: 4/4
    88 | D:1      | Reached skill level 1 in Fighting
   331 | D:1      | Reached XP level 2. HP: 16/16 MP: 6/6
   525 | D:1      | Reached skill level 2 in Fighting
   649 | D:1      | Learned a level 2 spell: Throw Frost
  1091 | D:1      | Reached XP level 3. HP: 22/22 MP: 7/7
  1221 | D:2      | Learned a level 3 spell: Ozocubu's Armour
  1254 | D:2      | Found a shimmering altar of Xom.
  1263 | D:2      | Found a sacrificial altar of Ru.
  1266 | D:2      | Found a glowing silver altar of Zin.
  1269 | D:2      | Found an opulent altar of Gozag.
  1350 | D:2      | Reached skill level 3 in Fighting
  1781 | D:2      | Reached XP level 4. HP: 21/28 MP: 3/8
  2369 | D:2      | Reached skill level 4 in Fighting
  2744 | D:2      | Gained mutation: You can fly. [Tengu growth]
  2744 | D:2      | Reached XP level 5. HP: 22/34 MP: 0/9
  3423 | D:3      | Noticed Grinder
  3558 | D:3      | Paralysed by Grinder for 2 turns
  3583 | D:3      | Killed Grinder
  3583 | D:3      | Reached skill level 6 in Fighting
  3583 | D:3      | Reached XP level 6. HP: 18/42 MP: 4/10
  3738 | D:3      | Noticed Dipster's ghost (amateur TeFi)
  3758 | D:3      | Killed Dipster's ghost
  3758 | D:3      | Reached XP level 7. HP: 16/47 MP: 11/11
  4075 | D:3      | Noticed Jessica
  4081 | D:3      | Killed Jessica
  4810 | D:3      | Gained mutation: You are agile. (Dex +2) [potion of mutation]
  4810 | D:3      | Gained mutation: You are resistant to hostile enchantments. (MR+) [potion of mutation]
  4810 | D:3      | Gained mutation: You have a somewhat thin skeletal structure. (Dex +2, Stealth) [potion of mutation]
  4810 | D:3      | HP: 2/47 [orc wizard/puff of frost (5)]
  4813 | D:3      | Slain by an orc wizard

Vault maps used:
D:1:      dpeg_arrival_prison, serial_bayou_lagoon_b
D:2:      nicolae_overflow_hidden_temple, grunt_temple_overflow_diamond,
          grunt_ministairs_2, roderic_lattice_a
D:3:      serial_co_window_serial, co_window_paths_a,
          co_window_of_opportunity_a, co_window_paths_b,
          co_window_of_opportunity_a, co_window_corner_a, co_window_cross_1,
          co_window_of_opportunity_b, co_window_broadway_a,
          co_window_broadway_b, co_window_broadway_b,
          co_window_of_opportunity_b, co_window_cross_4, co_window_4corner_a,
          glass_columns_a, glass_columns_a, uniq_grinder, uniq_jessica

Skill      XL: |  1  2  3  4  5  6  7 |
---------------+----------------------+-----
Fighting       | 1 2 3 4 6 |  6.4
Dodging        | 3 4 |  4.1
Stealth        | 3 |  3.8
Spellcasting   | |  2.0
Conjurations   | |  1.3
Ice Magic      | |  2.6

Action                   |  1- 3 |  4- 6 |  7- 9 || total
-------------------------+-------+-------+-------++-------
Melee: Dagger            |   103 |    10 |       ||   113
       Unarmed           |     5 |       |       ||     5
       Kick              |    27 |    16 |    12 ||    55
       Peck              |    16 |    13 |     7 ||    36
       Spear             |       |    71 |    71 ||   142
 Fire: Blowgun           |       |    11 |       ||    11
 Cast: Freeze            |    32 |    33 |     7 ||    72
       Ozocubu's Armour  |     1 |     1 |     1 ||     3
       Throw Frost       |       |     2 |       ||     2
  Use: Scroll            |     3 |     3 |       ||     6
       Potion            |       |     5 |     4 ||     9
 Stab: Sleeping          |     3 |     2 |     2 ||     7
       Distracted        |       |       |     1 ||     1
  Eat: Chunk             |     3 |     6 |       ||     9
       Bread ration      |       |       |     1 ||     1
Armor: Robe              |    24 |    17 |    13 ||    54
       Skin              |       |     7 |       ||     7
Dodge: Dodged            |    70 |    62 |    52 ||   184
